 Dungeon Crawl Stone Soup version 0.27-a0-512-g57cc695410 (webtiles) character file.

Game seed: 1829652289977891746

4978 Dirtsage the Basher (level 10, -24/65 HPs)
             Began as a Gargoyle Earth Elementalist on Mar 3, 2021.
             Was a Follower of the Shining One.
             Killed by the air
             ... invoked by Gastronok
              (29 damage)
             ... on level 8 of the Dungeon.
             The game lasted 00:30:29 (8056 turns).

Dirtsage the Basher (Gargoyle Earth Elementalist)   Turns: 8056, Time: 00:30:29

Health: -24/65     AC: 13    Str: 14    XL:     10   Next: 53%
Magic:  15/15      EV: 11    Int: 17    God:    the Shining One [*.....]
Gold:   347        SH:  0    Dex: 10    Spells: 10/16 levels left

rFire    + . .     SeeInvis .   w - +1 whip (flame)
rCold    . . .     Faith    .   (no shield)
rNeg     + . .     Spirit   .   C - +0 leather armour
rPois    ∞         Reflect  .   s - +0 helmet
rElec    +         Harm     .   E - +0 cloak
rCorr    .         Rampage  .   (no gloves)
Will     .....                  (no boots)
Stlth    +.........             g - amulet of regeneration
HPRegen  1.20/turn              F - ring of protection from fire
MPRegen  0.14/turn              Z - ring of wizardry

@: glowing
A: negative energy resistance 1, electricity resistance, unbreathing 1,
petrification resistance, miasma immunity, AC +7
a: Renounce Religion


You were on level 8 of the Dungeon.
You worshipped the Shining One.
The Shining One was aware of your devotion.
You visited 2 branches of the dungeon, and saw 9 of its levels.
You also visited: Sewer.

You collected 347 gold pieces.


Innate Abilities, Weirdness & Mutations

You are resistant to torment.
Your stone body is resilient. (AC +7)
You are immune to poison.
You resist negative energy. (rN+)
You are resistant to electric shocks. (rElec)
You can survive without breathing.
You are immune to petrification.
You are immune to miasma.


   Skills:
 + Level 8.6 Fighting
 * Level 10.0 Maces & Flails
 + Level 3.9 Armour
 - Level 1.5 Dodging
 - Level 2.1 Stealth
 - Level 3.5 Spellcasting
 - Level 2.4 Conjurations
 - Level 0.7 Transmutations
 - Level 6.7 Earth Magic
 + Level 3.9 Invocations


You had 10 spell levels left.
You knew the following spells:

 Your Spells              Type           Power        Failure   Level
a - Passwall              Tmut/Erth      12%          2%          2
w - Stone Arrow           Conj/Erth      36%          4%          3
z - Sandblast             Erth           52%          1%          1

Your spell library contained the following spells:

 Spells                   Type           Power        Failure   Level
 Corona                   Hex            2%           9%          1
 Ensorcelled Hibernation  Hex/Ice        4%           12%         2
 Lee's Rapid Deconstruct  Erth           13%          14%         5
 Dazzling Flash           Conj/Hex       14%          16%         3
 Petrify                  Tmut/Erth      15%          17%         4
 Confusing Touch          Hex            2%           24%         3
 Tukima's Dance           Hex            2%           24%         3

Inventory:

Hand Weapons
 o - the +5 demon whip "Spellbinder" {antimagic, Will+}
   (You found it on level 4 of the Dungeon)

   It reduces the magical energy of the wielder, and disrupts the spells and
   magical abilities of those hit.
   Natural abilities and divine invocations are not affected.
   It affects your willpower, your defense against some magical effects.
   The Shining One disapproves of the use of such an item.
 w - a +1 whip of flaming (weapon)
 y - a +0 morningstar
 J - a +0 flail
Missiles
 b - 235 stones
Armour
 c - a +0 robe
 s - a +0 helmet (worn)
 A - a +0 scale mail
 C - a +0 leather armour (worn)
 D - a +0 ring mail
 E - a +0 cloak (worn)
 H - a +0 tower shield
Jewellery
 g - an amulet of regeneration (around neck)
 z - a ring of wizardry
 F - a ring of protection from fire (left hand)
 G - an amulet of guardian spirit
 I - a +6 ring of intelligence
 Z - a ring of wizardry (right hand)
Wands
 u - a wand of iceblast (19)
 B - a wand of digging (7)
 L - a wand of polymorph (9)
Scrolls
 d - 2 scrolls of magic mapping {unknown}
 f - 6 scrolls of identify {@r1}
 k - 5 scrolls of fog
 m - 2 scrolls of amnesia
 n - a scroll of blinking {unknown}
 p - a scroll of teleportation {unknown}
 t - a scroll of noise {unknown}
 x - 2 scrolls of immolation {unknown}
 K - a scroll of enchant armour {unknown}
Potions
 a - a potion of berserk rage {unknown}
 e - a potion of heal wounds {@q2}
 h - 6 potions of brilliance {unknown}
 i - 2 potions of attraction
 j - 2 potions of invisibility {unknown}
 l - a potion of ambrosia
 q - 5 potions of lignification {unknown}
 r - 7 potions of curing {unknown}
 v - 4 potions of flight {unknown}
 M - 2 potions of haste {@q3}

Dungeon Overview and Level Annotations

Branches:
Dungeon (8/15)             Temple (1/1) D:6            Lair (0/6) D:8
  Sewer (visited)

Altars:
Ashenzari
Cheibriados
Dithmenos
Fedhas
Hepliaklqana
Kikubaaqudgha
Nemelex Xobeh
Okawaru
Qazlal
Ru
Sif Muna
Trog
Uskayaw
Wu Jian
Xom
Yredelemnul
Zin
The Shining One

Shops:
D:7 [

Annotations:
D:7 4 runed translucent doors
D:8 Gastronok

#.......>...........##.#
##...P.........#.......#
##........P..#..##.##.#
##.........###.##.##.#
######.....#####.##....#
######.................(.##.#
.............##.....#.......#
.....#..##.#....Z.).####.####
.w...#........#.@...# #..#
.#<..#.##..#..w.....# ##.#
w#.#..........####### #.#
.#...####)##.......######.#
.#####
#.##.#####........###### .#
#.##.#####.###.........# .#
#.......##.###.▓▓▓▓▓▓▓.# ##
####.##.##.##..▓.....▓.# ##
#.##.##.##..'.....▓.#


You could see Gastronok and a hound skeleton.


Message History

Gastronok bites you but does no damage.
You hit Gastronok but do no damage.
Gastronok is lightly wounded.
You completely miss Gastronok.
Gastronok is lightly wounded.
You hit Gastronok. You burn Gastronok.
Gastronok is lightly wounded.
You hit Gastronok. You burn Gastronok.
Gastronok is moderately wounded.
Gastronok bites you but does no damage.
You hit Gastronok. You burn Gastronok.
Gastronok is moderately wounded.
You hit Gastronok. You burn Gastronok.
Gastronok is moderately wounded.
You hit Gastronok. You burn Gastronok.
Gastronok is moderately wounded.
Gastronok bites you but does no damage.
You hit Gastronok but do no damage.
Gastronok is moderately wounded.
You hit Gastronok but do no damage.
Gastronok is moderately wounded.
You hit Gastronok. You burn Gastronok.
Gastronok is moderately wounded.
Gastronok bites you!!
* * * LOW HITPOINT WARNING * * *
There is a stone staircase leading up here.
You see here a wolf corpse.
Gastronok waves his eye-stalks in wide circles.
The air twists around and strikes you!!
You die...

Skill      XL: |  1  2  3  4  5  6  7  8  9 10 |
---------------+-------------------------------+-----
Earth Magic    | 4 5 6 |  6.7
Fighting       | 1 2 3 4 6 7 8 |  8.6
Conjurations   | 1 2 |  2.4
Spellcasting   | 3 |  3.5
Maces & Flails | 3 6 9 10 | 10.0
Armour         | 2 3 |  3.9
Invocations    | 2 3 |  3.9
Dodging        | |  1.5
Stealth        | |  2.1
Transmutations | |  0.7

Action                   |  1- 3 |  4- 6 |  7- 9 | 10-12 || total
-------------------------+-------+-------+-------+-------++-------
Melee: Club              |    39 |    10 |       |       ||    49
       Whip              |       |    35 |       |   217 ||   252
       Demon whip        |       |       |   231 |       ||   231
       Flail             |       |       |   149 |    13 ||   162
       Morningstar       |       |       |    39 |       ||    39
 Cast: Sandblast         |    26 |    91 |     1 |       ||   118
  Use: Scroll            |       |       |     7 |     2 ||     9
       Potion            |       |       |     1 |     1 ||     2
 Stab: Sleeping          |       |       |     1 |       ||     1
Armor: Robe              |    11 |    43 |    16 |       ||    70
       Leather armour    |       |       |   128 |    66 ||   194
Dodge: Dodged            |    44 |    64 |   227 |   108 ||   443

Levels and vault maps discovered:
D:1:      erik_arrival_orb_chamber, layout_basic
D:2:      wander_river, layout_basic
D:3:      layout_basic, uniq_robin
D:4:      layout_loops_ring, okawaru_altar_gauntlet_db, portal_sewer_entry_a,
          uniq_eustachio
D:5:      layout_rooms, cheibrodos_ashenzari_chains, corner_web_ring
D:6:      layout_layer_cave, nzn_hepliaklqana_mist_gate,
          nemelex_xobeh_ov_fountains_minmay, minmay_temple_entry_offerings,
          nicolae_underground_beach, uniq_grinder
D:7:      layout_basic, serial_shops, shop, minmay_hollow_rounded_squares
D:8:      layout_loops_cross, nicolae_overflow_hidden_temple, elyvilon_altar_5,
          david_lair_generic, nrook_mini_vaults, minmay_fractal_squares_5,
          uniq_maggie, uniq_gastronok, uniq_pikel, uniq_grum
Temple:   dshaligram_water_room_temple

Notes
Turn   | Place    | Note
-------+----------+-------------------------------------------
     0 | D:1      | Dirtsage the Gargoyle Earth Elementalist began the quest
                  | for the Orb.
     0 | D:1      | Reached XP level 1. HP: 10/10 MP: 3/3
   734 | D:2      | Reached skill level 4 in Earth Magic
   734 | D:2      | Reached XP level 2. HP: 16/16 MP: 1/5
  1018 | D:2      | Reached skill level 1 in Fighting
  1327 | D:2      | Reached XP level 3. HP: 19/20 MP: 2/6
  1544 | D:2      | You fall into a shaft and drop 2 floors!
  1544 | D:4      | Found a glowing drain.
  1552 | D:3      | Reached XP level 4. HP: 26/26 MP: 4/7
  1674 | D:4      | Reached skill level 5 in Earth Magic
  1691 | Sewer    | Entered a sewer
  1757 | Sewer    | Reached skill level 2 in Fighting
  1987 | Sewer    | Learned a level 3 spell: Stone Arrow
  1990 | Sewer    | Learned a level 2 spell: Passwall
  2016 | Sewer    | Noticed a kobold brigand
  2025 | Sewer    | Killed a kobold brigand
  2026 | Sewer    | Reached skill level 1 in Conjurations
  2026 | Sewer    | Reached XP level 5. HP: 31/31 MP: 4/9
  2120 | Sewer    | Noticed a kobold brigand
  2133 | Sewer    | Killed a kobold brigand
  2134 | Sewer    | Reached skill level 3 in Spellcasting
  2134 | Sewer    | Reached skill level 6 in Earth Magic
  2134 | Sewer    | Reached XP level 6. HP: 36/36 MP: 4/10
  2301 | D:3      | Noticed Robin
  2337 | D:3      | Killed Robin
  2365 | D:3      | Reached skill level 3 in Fighting
  3418 | D:4      | Noticed Eustachio
  3425 | D:4      | Reached skill level 2 in Conjurations
  3515 | D:4      | Killed Eustachio
  3516 | D:4      | Reached XP level 7. HP: 38/41 MP: 6/12
  3656 | D:4      | Found the +5 demon whip "Spellbinder" {antimagic, Will+}
  3740 | D:4      | Reached skill level 1 in Maces & Flails
  3899 | D:4      | Reached skill level 4 in Fighting
  3899 | D:4      | Reached skill level 2 in Maces & Flails
  3962 | D:4      | Reached skill level 3 in Maces & Flails
  4160 | D:4      | Found an iron altar of Okawaru.
  4255 | D:5      | Entered Level 5 of the Dungeon
  4305 | D:5      | Found a broken altar of Ashenzari.
  4419 | D:5      | Reached XP level 8. HP: 45/48 MP: 4/13
  4744 | D:5      | Reached skill level 4 in Maces & Flails
  4773 | D:5      | Reached skill level 5 in Fighting
  4806 | D:6      | Reached skill level 5 in Maces & Flails
  4932 | D:6      | Noticed Grinder
  4933 | D:6      | Paralysed by Grinder for 3 turns
  4941 | D:6      | Killed Grinder
  4942 | D:6      | Reached skill level 6 in Fighting
  4942 | D:6      | Reached skill level 6 in Maces & Flails
  5042 | D:6      | Reached XP level 9. HP: 56/56 MP: 4/14
  5077 | D:6      | Reached skill level 7 in Maces & Flails
  5305 | D:6      | Found a sparkling altar of Nemelex Xobeh.
  5558 | D:6      | Found a hazy altar of Hepliaklqana.
  5629 | D:6      | Found a staircase to the Ecumenical Temple.
  5644 | Temple   | Entered the Ecumenical Temple
  5713 | Temple   | Became a worshipper of the Shining One
  6077 | D:7      | Reached skill level 7 in Fighting
  6080 | D:7      | Found Nagerec's Antique Armour Emporium.
  6455 | D:7      | Reached skill level 8 in Maces & Flails
  6534 | D:7      | Noticed a deep elf pyromancer
  6536 | D:7      | Found a large runed translucent door.
  6536 | D:7      | Found a large runed translucent door.
  6543 | D:7      | Found a large runed translucent door.
  6543 | D:7      | Found a large runed translucent door.
  6730 | D:7      | Reached skill level 1 in Armour
  6730 | D:7      | Reached skill level 1 in Invocations
  7156 | D:8      | Reached skill level 9 in Maces & Flails
  7156 | D:8      | Reached skill level 2 in Armour
  7156 | D:8      | Reached skill level 2 in Invocations
  7174 | D:8      | Found a staircase to the Lair.
  7174 | D:8      | Noticed Pikel
  7197 | D:8      | Reached XP level 10. HP: 53/64 MP: 15/15
  7199 | D:8      | Reached skill level 8 in Fighting
  7207 | D:8      | Killed Pikel
  7208 | D:8      | Reached skill level 3 in Armour
  7208 | D:8      | Reached skill level 3 in Invocations
  7472 | D:8      | Noticed Grum
  7479 | D:8      | Noticed Maggie
  7519 | D:8      | Reached * piety under the Shining One
  7585 | D:8      | Found a blossoming altar of Fedhas.
  7630 | D:8      | Killed Maggie
  7687 | D:8      | Noticed Gastronok
  8015 | D:7      | Killed Grum
  8016 | D:7      | Reached skill level 10 in Maces & Flails
  8054 | D:8      | HP: 2/65 [Gastronok (32)]
  8056 | D:8      | Killed from afar by Gastronok

Vanquished Creatures
  Pikel (D:8)
  Maggie (D:8)
  Grinder (D:6)
  A wyvern (D:8)
  Grum (D:7)
  A yak (D:8)
  A basilisk (D:8)
  Eustachio (D:4)
  A steam dragon (D:7)
  2 black bears (D:8)
  2 necrophages
  A sky beast (D:6)
  2 ice beasts
  2 ogres
  2 wolves (D:8)
  3 centaurs
  A lemure (D:8)
  2 kobold brigands (Sewer)
  4 bullfrogs
  3 scorpions
  2 howler monkeys (D:7)
  4 wights (D:5)
  2 bullfrog zombies
  3 orc priests
  A gnoll shaman (D:6)
  7 hounds
  A jelly (D:5)
  An iguana (D:8)
  12 orc wizards
  4 worker ants
  A hound zombie (D:8)
  Robin (D:3)
  6 gnolls
  11 adders
  A river rat (D:3)
  4 white imps
  3 oozes
  2 worms
  2 leopard geckos
  24 orcs
  7 giant cockroaches
  20 goblins
  5 hobgoblins
  2 jackals (D:8)
  7 quokkas
  4 ball pythons
  9 bats
  3 frilled lizards
  A jackal skeleton (D:4)
  14 kobolds
  A leopard gecko zombie (D:5)
  11 rats
209 creatures vanquished.

Vanquished Creatures (others)
  A gnoll (D:6)
  A fungus (Sewer)
  2 plants (Sewer)
4 creatures vanquished.

Grand Total: 213 creatures vanquished

Table legend: (Time is in decaauts)
 A = Elapsed time spent in this place.
 B = Non-inter-level travel time spent in this place.
 C = Inter-level travel time spent in this place.
 D = Time resting spent in this place.
 E = Time spent auto-exploring this place.
 F = Levels seen in this place.
 G = Mean time per level.
                   A        B        C        D        E       F      G
               +--------+--------+--------+--------+--------+-----+--------+
         Total |   8032 |   7759 |    273 |    423 |   5430 |  10 |  803.2 |
       Dungeon |   7390 |   7125 |    265 |    423 |   4987 |   8 |  923.8 |
        Temple |     78 |     70 |      8 |      0 |     35 |   1 |   78.0 |
         Sewer |    564 |    564 |      0 |      0 |    407 |   1 |  564.0 |
               +--------+--------+--------+--------+--------+-----+--------+

Top non-repeatable levels by time:
     D:7: 1206 daAuts
     D:2: 1193 daAuts
     D:6: 1050 daAuts
     D:3: 1016 daAuts
     D:4: 843 daAuts
     D:8: 817 daAuts
     D:1: 697 daAuts
     D:5: 565 daAuts
   Sewer: 564 daAuts
  Temple: 78 daAuts

Table legend:
 A = Non-vault XP
 B = Vault XP
 C = Vault XP percentage of total XP
 D = Non-vault monster count
 E = Vault monster count
 F = Vault count percentage of total count
                 A         B        C        D         E       F
            +---------+---------+-------+---------+---------+-------
      Total |    3505 |    3607 |  50.7 |     140 |      69 |  33.0
            +---------+---------+-------+---------+---------+-------
        D:1 |       7 |       0 |   0.0 |       6 |       0 |   0.0
        D:2 |      93 |       0 |   0.0 |      23 |       0 |   0.0
        D:3 |      39 |      54 |  58.1 |      14 |      17 |  54.8
        D:4 |     428 |     236 |  35.5 |      21 |       9 |  30.0
        D:5 |     470 |       0 |   0.0 |      14 |       0 |   0.0
        D:6 |    1053 |     277 |  20.8 |      25 |       1 |   3.8
        D:7 |     661 |     567 |  46.2 |      16 |       6 |  27.3
        D:8 |     754 |    2240 |  74.8 |      21 |      12 |  36.4
      Sewer |       0 |     233 | 100.0 |       0 |      24 | 100.0
            +---------+---------+-------+---------+---------+-------
